 Dungeon Crawl Stone Soup version 0.29-a0-998-g1987434951 (webtiles) character file.

Game seed: 15052880669369088998

5714 RevDB the Fighter (level 10, -7/93 HPs)
             Began as a Grey Draconian Conjurer on Aug 5, 2022.
             Was a Believer of Vehumet.
             Mangled by a cane toad (15 damage)
             ... on level 1 of the Lair of Beasts.
             The game lasted 00:57:19 (7654 turns).

RevDB the Fighter (Grey Draconian Conjurer)         Turns: 7654, Time: 00:57:20

Health: -7/93      AC: 15    Str: 10    XL:     10   Next: 48%
Magic:  4/13       EV: 14    Int: 34    God:    Vehumet [**....]
Gold:   157        SH:  0    Dex: 10    Spells: 10/13 levels left

rFire   . . .      SeeInvis .   L - +2 quarterstaff (vorpal)
rCold   . . .      Faith    .   (shield currently unavailable)
rNeg    . . .      Spirit   .   (body armour unavailable)
rPois   .          Reflect  .   (helmet restricted)
rElec   .          Harm     +   y - scarf {harm}
rCorr   .          Rampage  .   D - +1 pair of gloves
Will    .....                   c - +0 pair of boots
Stlth   ++........              (no amulet)
HPRegen 0.25/turn               w - +6 ring of intelligence
MPRegen 0.13/turn               l - +6 ring of intelligence

@: no status effects
A: AC +12, amphibious, unfitting armour, cold-blooded
a: Renounce Religion


You were on level 1 of the Lair of Beasts.
You worshipped Vehumet.
Vehumet was pleased with you.
You visited 3 branches of the dungeon, and saw 10 of its levels.
You also visited: Sewer.

You collected 283 gold pieces.
You spent 126 gold pieces at shops.

Inventory:

Hand Weapons
 L - a +2 vorpal quarterstaff (weapon)
Missiles
 B - a throwing net
Armour
 c - a +0 pair of boots (worn)
 f - a +0 buckler
 x - a +0 cloak
 y - a scarf of harm (worn)
 D - a +1 pair of gloves (worn)
Jewellery
 h - a +6 ring of dexterity
 i - a +6 ring of dexterity
 l - a +6 ring of intelligence (right hand)
 w - a +6 ring of intelligence (left hand)
Wands
 v - a wand of polymorph (8)
 K - a wand of paralysis (8)
Scrolls
 b - 2 scrolls of fog {unknown}
 e - 2 scrolls of teleportation
 j - a scroll of poison {unknown}
 k - 3 scrolls of enchant weapon {unknown}
 p - 3 scrolls of amnesia {unknown}
 q - a scroll of magic mapping {unknown}
 s - a scroll of vulnerability
 t - 2 scrolls of enchant armour {unknown}
 C - a scroll of noise {unknown}
 F - 5 scrolls of identify
 G - a scroll of blinking {unknown}
 H - a scroll of brand weapon {unknown}
 J - a scroll of fear {unknown}
Potions
 a - 3 potions of magic
 g - 4 potions of heal wounds
 m - 2 potions of curing
 n - 4 potions of degeneration {unknown}
 r - 2 potions of mutation {unknown}
 u - 4 potions of brilliance
 z - 3 potions of cancellation {unknown}
 A - 2 potions of attraction {unknown}
 E - 4 potions of haste {unknown}
 I - 3 potions of flight {unknown}


   Skills:
 - Level 10.0 Fighting
 + Level 8.0 Staves
 - Level 7.1 Dodging
 - Level 1.7 Stealth
 - Level 2.0 Spellcasting
 - Level 5.0 Conjurations
 - Level 7.0 Earth Magic


You had 10 spell levels left.
You knew the following spells:

 Your Spells              Type           Power      Damage    Failure   Level
a - Magic Dart            Conj           100%       1d8       1%          1
b - Searing Ray           Conj           74%        2d7       1%          2

Your spell library contained the following spells:

 Spells                   Type           Power      Damage    Failure   Level
 Poisonous Vapours        Pois/Air       6%         N/A       9%          2
 Dazzling Flash           Conj/Hex       40%        N/A       6%          3
 Sublimation of Blood     Necr           3%         N/A       9%          2
 Wereblood                Tmut           3%         N/A       9%          2
 Fulminant Prism          Conj/Hex       10%        3d9       22%         4
 Iskenderun's Mystic Bla  Conj/Tloc      20%        2d6       22%         4
 Freezing Cloud           Conj/Ice/Air   7%         6-21      65%         5
 Simulacrum               Ice/Necr       1%         N/A       100%        6
 Summon Hydra             Summ           1%         N/A       100%        7
 Polar Vortex             Ice            1%         N/A       100%        9


Dungeon Overview and Level Annotations

Branches:
Dungeon (8/15)             Temple (1/1) D:5            Lair (1/5) D:8
  Sewer (visited)

Altars:
Cheibriados
Dithmenos
Elyvilon
Fedhas
Hepliaklqana
Kikubaaqudgha
Makhleb
Nemelex Xobeh
Okawaru
Ru
Sif Muna
Trog
Uskayaw
Vehumet
Xom
Yredelemnul
Zin
The Shining One

Shops:
D:1 =   D:4 (   D:5 [=(*[


Innate Abilities, Weirdness & Mutations

Your dull iron-grey scales are very hard. (AC +12)
You are amphibious.
You cannot fit into any form of body armour.
You are cold-blooded and may be slowed by cold attacks.


Message History

(Press . to maintain the ray.)
You feel sick.
The cane toad stings you but does no damage.
The searing ray hits the cane toad but does no damage.
The cane toad is moderately wounded.
You feel sick.
The cane toad stings you but does no damage.
The searing ray hits the cane toad but does no damage.
The cane toad is moderately wounded.
You feel sick. The cane toad stings you!
* * * LOW HITPOINT WARNING * * *
The cane toad stings you!
* * * LOW HITPOINT WARNING * * *
You are lethally poisoned!
The cane toad poisons you!
You feel much better.
You feel very sick. The cane toad closely misses you.
Casting: Searing Ray (safe; 1% risk of failure)
Confirm with . or Enter, or press ? or * to list all spells.
Aiming: Searing Ray (safe; 1% risk of failure)
Press: ? - help, Shift-Dir - straight line, f/p - cane toad
Aim: a cane toad (moderately wounded, 83% to hit)
The searing ray hits the cane toad.
The cane toad is heavily wounded. (Press . to maintain the ray.)
You feel very sick. The cane toad misses you.
The searing ray hits the cane toad!
The cane toad is severely wounded.
You feel very sick. The cane toad barely misses you.
The searing ray hits the cane toad!
The cane toad is almost dead.
You feel sick. The cane toad stings you!
* * * LOW HITPOINT WARNING * * *
You are more poisoned.
The cane toad poisons you!
You feel better. The cane toad stings you!
You die...

#......#
#......#
#......#
#......#
#......#
#......#
#......#
#.....<#
#.....@#
#....F†#
#......#
...........
.............
...............
...............
...............
...........>...


You could see a cane toad.

Vanquished Creatures
  An elephant (D:7)
  Joseph (D:8)
  A komodo dragon (Lair:1)
  A kobold demonologist (D:8)
  Grinder (D:4)
  Sigmund (D:2)
  2 wyverns (D:8)
  A basilisk (D:8)
  A steam dragon (D:8)
  4 vampire mosquitoes
  Duvessa (D:6)
  2 orc warriors
  3 black bears
  2 ice beasts
  2 sky beasts (D:7)
  An ogre (D:6)
  A centaur (D:6)
  2 phantoms
  Blork the orc (D:4)
  A necrophage (D:6)
  3 bullfrogs
  A gnoll sergeant (D:7)
  4 scorpions
  Dowan (D:6)
  A howler monkey (D:4)
  5 hounds
  5 jellies
  6 orc priests
  An iron imp (D:8)
  An iguana (D:5)
  10 orc wizards
  15 gnolls
  11 adders
  3 river rats
  A shadow imp (D:7)
  A white imp (D:7)
  An ufetubus (D:5)
  A worm (D:6)
  3 dart slugs
  23 orcs
  5 ball pythons
  3 endoplasms
  3 giant cockroaches
  5 goblins
  4 hobgoblins
  7 jackals (D:1)
  11 kobolds
  2 quokkas
  3 bats
  5 frilled lizards
  12 rats
187 creatures vanquished.

Vanquished Creatures (others)
  A fungus (D:8)
  5 plants
6 creatures vanquished.

Grand Total: 193 creatures vanquished

Notes
Turn   | Place    | Note
-------+----------+-------------------------------------------
     0 | D:1      | RevDB the Draconian Conjurer began the quest for the Orb.
     0 | D:1      | Reached XP level 1. HP: 14/14 MP: 3/3
   302 | D:1      | Reached XP level 2. HP: 20/20 MP: 3/5
   571 | D:1      | Found a faded altar of an unknown god.
   781 | D:1      | Found Pukhlar's Jewellery Shop.
   869 | D:1      | Learned a level 2 spell: Searing Ray
   943 | D:1      | Reached skill level 5 in Conjurations
   970 | D:1      | Reached XP level 3. HP: 24/26 MP: 0/6
  1136 | D:2      | Noticed Sigmund
  1189 | D:2      | Reached skill level 1 in Fighting
  1465 | D:3      | Reached skill level 2 in Fighting
  1809 | D:2      | Killed Sigmund
  1810 | D:2      | Reached XP level 4. HP: 24/36 MP: 0/7
  1810 | D:2      | Reached XP level 5. HP: 28/41 MP: 0/8
  2052 | D:3      | Noticed an orc warrior
  2059 | D:3      | Reached XP level 6. HP: 40/48 MP: 2/9
  2063 | D:3      | Killed an orc warrior
  2064 | D:3      | Reached skill level 5 in Staves
  2064 | D:3      | Reached skill level 3 in Fighting
  2288 | D:4      | Noticed Blork the orc
  2565 | D:4      | Found Vothoant's Weapon Shop.
  2579 | D:4      | Reached skill level 4 in Fighting
  2638 | D:4      | Noticed Grinder
  2642 | D:4      | Your scales start taking on a dull iron-grey colour.
  2642 | D:4      | Reached XP level 7. HP: 59/60 MP: 3/10
  2657 | D:4      | Killed Grinder
  2658 | D:4      | Reached skill level 6 in Fighting
  2764 | D:4      | Killed Blork the orc
  2872 | D:4      | Reached skill level 7 in Fighting
  3010 | D:5      | Entered Level 5 of the Dungeon
  3013 | D:5      | Reached skill level 1 in Earth Magic
  3054 | D:5      | Reached XP level 8. HP: 73/73 MP: 3/11
  3079 | D:5      | Found Tegid's Armour Shop.
  3131 | D:5      | Found a staircase to the Ecumenical Temple.
  3179 | Temple   | Entered the Ecumenical Temple
  3185 | Temple   | Became a worshipper of Vehumet
  3235 | D:5      | Found Zieler's Antique Weapon Shoppe.
  3266 | D:5      | Found Ucwucs's Assorted Antiques.
  3298 | D:5      | Reached skill level 5 in Earth Magic
  3402 | D:5      | Found Qun Yron's Antique Armour Shoppe.
  3435 | D:5      | Found Natwof's Jewellery Boutique.
  3455 | D:5      | Found a shimmering altar of Xom.
  3494 | D:5      | Bought a +1 pair of gloves for 126 gold pieces
  3502 | D:6      | Noticed Dowan
  3503 | D:6      | Noticed Duvessa
  3555 | D:6      | Reached * piety under Vehumet
  3555 | D:6      | Offered knowledge of Freeze by Vehumet.
  3636 | D:6      | Found a glowing drain.
  3822 | Sewer    | Entered a sewer
  4175 | Sewer    | Found a viscous altar of Jiyva.
  4314 | D:6      | Killed Dowan
  4316 | D:6      | Killed Duvessa
  4317 | D:6      | Reached XP level 9. HP: 58/79 MP: 4/12
  5051 | D:7      | Offered knowledge of Poisonous Vapours by Vehumet.
  5093 | D:7      | Reached ** piety under Vehumet
  5209 | D:7      | Found a glowing golden altar of the Shining One.
  5237 | D:7      | Found a glowing silver altar of Zin.
  5240 | D:7      | Found a shimmering blue altar of Sif Muna.
  5350 | D:7      | Identified the +1 cloak of Negligence {-Cast rElec rF++
                  | Str+2}
  5502 | D:7      | Reached skill level 5 in Dodging
  5732 | D:8      | Noticed Joseph
  5960 | D:8      | Killed Joseph
  6618 | D:8      | Noticed an elephant
  6638 | D:7      | Reached XP level 10. HP: 77/86 MP: 13/13
  6658 | D:8      | Identified the +7 trident "Beastbane" {vamp, SInv}
  6705 | D:8      | Reached skill level 8 in Fighting
  7110 | D:7      | Killed an elephant
  7111 | D:7      | Reached skill level 9 in Fighting
  7420 | D:8      | Found a staircase to the Lair.
  7477 | D:8      | Found a snail-covered altar of Cheibriados.
  7627 | Lair:1   | Entered Level 1 of the Lair of Beasts
  7635 | Lair:1   | Noticed a cane toad
  7647 | Lair:1   | Reached skill level 10 in Fighting
  7649 | Lair:1   | HP: 3/93 [cane toad (10)]
  7653 | Lair:1   | HP: 1/93 [cane toad (15)]
  7654 | Lair:1   | Mangled by a cane toad

Illustrated notes

Levels and vault maps discovered:
D:1:      saegor_arrival_simple_c, layout_loops_cross,
          dreamdust_ecumenical_altar_hidden_monk_grotto, serial_shops, shop
D:2:      layout_basic, uniq_sigmund
D:3:      layout_basic, dk_vineyard_1
D:4:      layout_cave_pools, serial_shops, shop, uniq_grinder,
          uniq_blork_the_orc
D:5:      layout_rooms, kennysheep_little_box,
          minmay_temple_entry_gardened_gates, serial_shops, shop,
          shop_fountains, nicolae_stop_n_shop_2, shop, nicolae_square_shop
D:6:      layout_cave_pools, portal_sewer_entry_c, hangedman_decor_peaks_small,
          uniq_duvessa
D:7:      layout_loops_cross, nicolae_overflow_hidden_temple,
          nicolae_water_bricks, serial_bayou_pond_a,
          nicolae_figureground_sparkle
D:8:      layout_rooms, slow_altar_2, david_lair_generic, uniq_joseph
Temple:   nicolae_temple_x_marks_the_god
Lair:1:   layout_big_grid, serial_bayou_shore_b

Skill      XL: |  1  2  3  4  5  6  7  8  9 10 |
---------------+-------------------------------+-----
Conjurations   | 5 |  5.0
Fighting       | 2 4 7 10 | 10.0
Staves         | 4 5 7 8 |  8.0
Earth Magic    | 3 6 7 |  7.0
Dodging        | 2 7 |  7.1
Stealth        | |  1.7
Spellcasting   | |  2.0

Action                   |  1- 3 |  4- 6 |  7- 9 | 10-12 || total
-------------------------+-------+-------+-------+-------++-------
Melee: Dagger            |    46 |       |       |       ||    46
       Tailslap          |     6 |     2 |    32 |    14 ||    54
       Quarterstaff      |     7 |    46 |   247 |    72 ||   372
 Cast: Magic Dart        |    56 |    20 |   115 |    17 ||   208
       Searing Ray       |     1 |     3 |    24 |    12 ||    40
Evoke: Wand              |       |       |     1 |       ||     1
  Use: Scroll            |       |     2 |     5 |       ||     7
       Potion            |       |       |     1 |     2 ||     3
 Stab: Sleeping          |       |     3 |       |       ||     3
Armor: Skin              |    12 |    13 |   174 |    43 ||   242
Dodge: Dodged            |    41 |    33 |   201 |    91 ||   366
Block: Buckler           |     5 |       |       |       ||     5

Table legend: (Time is in decaauts)
 A = Elapsed time spent in this place.
 B = Non-inter-level travel time spent in this place.
 C = Inter-level travel time spent in this place.
 D = Time resting spent in this place.
 E = Time spent auto-exploring this place.
 F = Levels seen in this place.
 G = Mean time per level.
                   A        B        C        D        E       F      G
               +--------+--------+--------+--------+--------+-----+--------+
         Total |   7649 |   7400 |    249 |   1940 |   1319 |  11 |  695.4 |
       Dungeon |   7158 |   6909 |    249 |   1695 |   1307 |   8 |  894.8 |
        Temple |     14 |     14 |      0 |      0 |      0 |   1 |   14.0 |
          Lair |     26 |     26 |      0 |      0 |      0 |   1 |   26.0 |
         Sewer |    449 |    449 |      0 |    245 |     12 |   1 |  449.0 |
               +--------+--------+--------+--------+--------+-----+--------+

Top non-repeatable levels by time:
     D:7: 1999 daAuts
     D:1: 1169 daAuts
     D:6: 882 daAuts
     D:3: 840 daAuts
     D:8: 743 daAuts
     D:4: 533 daAuts
     D:5: 517 daAuts
     D:2: 473 daAuts
   Sewer: 449 daAuts
  Lair:1: 26 daAuts
  Temple: 14 daAuts
